 Dungeon Crawl Stone Soup version 0.22-a0-246-gdc04c06 (webtiles) character file.

53 MatthieuS the Shooter (level 3, 0/30 HPs)
             Began as a Centaur Hunter on Feb 22, 2018.
             Succumbed to a goblin's poison
             ... on level 2 of the Dungeon.
             The game lasted 00:03:16 (1130 turns).

MatthieuS the Shooter (Centaur Hunter)              Turns: 1130, Time: 00:03:17

Health: 0/30       AC:  5    Str: 19    XL:     3   Next: 64%
Magic:  3/3        EV: 14    Int: 10    God:
Gold:   34         SH:  0    Dex: 15    Spells: 2/2 levels left

rFire    . . .     SeeInvis .   w - +1 shortbow
rCold    . . .     Gourm    .   (shield currently unavailable)
rNeg     . . .     Faith    .   e - +0 ring mail
rPois    .         Spirit   .   (no helmet)
rElec    .         Reflect  .   (no cloak)
rCorr    .         Harm     .   (no gloves)
MR       .....                  (no barding)
Stlth    +.........             (no amulet)
HPRegen  0.10/turn              (no ring)
MPRegen  0.08/turn              (no ring)

@: mighty, agile, lethally poisoned (0 -> -4), berserk cooldown, hasted and
slowed, very quick
A: large, hooves 3, deformed body, speed 2, tough skin 3
a: no special abilities


You were on level 2 of the Dungeon.
You were not hungry.

You visited 1 branch of the dungeon, and saw 2 of its levels.

You collected 34 gold pieces.

Inventory:

Hand Weapons
 a - a +0 short sword
 b - a +0 dagger of venom
 w - a +1 shortbow (weapon)
Missiles
 d - 31 arrows (quivered)
Armour
 e - a +0 ring mail (worn)
Scrolls
 i - a scroll of identify {unknown}
 k - a scroll of enchant armour {unknown}
 l - a scroll of immolation {unknown}
 m - a scroll of magic mapping
Comestibles
 c - 3 chunks of flesh
 f - 6 rations


   Skills:
 + Level 2.6 Fighting
 * Level 6.3 Bows
 + Level 1.9 Dodging
 - Level 0.4 Stealth


You had 2 spell levels left.
You didn't know any spells.

Dungeon Overview and Level Annotations

Branches:
Dungeon (2/15)

Altars:
Xom


Innate Abilities, Weirdness & Mutations

You have hooves in place of feet.
Armour fits poorly on your strangely shaped body.
You cover ground very quickly.
You have extremely tough skin. (AC +3)


Message History

You feel yourself slow down.
* * * LOW HITPOINT WARNING * * *
You feel sick.
* * * LOW HITPOINT WARNING * * *
You feel sick.
It was a potion of agility.
You feel agile all of a sudden.
* * * LOW HITPOINT WARNING * * *
You feel sick.
You see here an arrow.
d - 28 arrows (gained 1)
* * * LOW HITPOINT WARNING * * *
You feel sick.
Things that are here:
a dagger of venom; 3 arrows
b - a dagger of venom;
d - 31 arrows (gained 3)
As you read the scroll labeled KAMUVU OKLIATY, it crumbles to dust.
You feel aware of your surroundings.
You sensed 6 altars.
It was a scroll of magic mapping.
You die...

*>,,,**_,,**,*****,,,*
**,***,≈,#^**..#.....#
,,,,*≈≈,≈...*#..,....#
***,*,,≈≈,._###.##...*
*,,,,,_≈,?.....#..#####
***,*≈*≈≈≈,≈#...........##
,**,***_,,≈≈#............##
,,*,***≈≈,_##.............#
,,,,,**≈*,##....@.........#
,,,,,,**,*#...............#
,,,,,*,,,*#...............#
,,,,,**,,*#...............#
,,,*****,*#..<............#
,,,,,* *,,##.###.........##
,*,*,* **,*##*_##.#...<.##
,,,*,****,,**,,,#########
*,,,,,,,,,,*,,,,,*


There were no monsters in sight!

Vanquished Creatures
  An adder (D:2)
  An ooze (D:1)
  A dart slug (D:1)
  2 leopard geckos
  6 bats (D:1)
  4 giant cockroaches (D:1)
  4 goblins
  2 hobgoblins (D:1)
  3 kobolds (D:1)
  8 frilled lizards (D:1)
  6 rats (D:1)
38 creatures vanquished.

Notes
Turn   | Place    | Note
-------+----------+-------------------------------------------
     0 | D:1      | MatthieuS the Centaur Hunter began the quest for the Orb.
     0 | D:1      | Reached XP level 1. HP: 17/17 MP: 1/1
   266 | D:1      | Reached XP level 2. HP: 24/24 MP: 2/2
   454 | D:1      | Reached skill level 6 in Bows
   551 | D:1      | Reached XP level 3. HP: 30/30 MP: 3/3
  1099 | D:2      | Found a shimmering altar of Xom.
  1128 | D:2      | HP: 1/30 [poisoned by a goblin]
  1130 | D:2      | Succumbed to a goblin's poison

Vault maps used:
D:1:      onia_arrival_larder, serial_forest, infiniplex_forest_lined_3,
          infiniplex_forest_zigzag_1, infiniplex_forest_lined_3,
          infiniplex_forest_lined_2, infiniplex_forest_clump_curved,
          infiniplex_forest_clump_small, infiniplex_forest_clump_small,
          infiniplex_forest_clump_small, infiniplex_forest_zigzag_1,
          minmay_lizard_pond
D:2:      marbit_many_paths, led_sif_pool, bh_chokoban, xom_redecorated,
          uniq_sigmund

Skill      XL: |  1  2 |
---------------+-------+-----
Bows           | 6 |  6.3
Fighting       | |  2.6
Dodging        | |  1.9
Stealth        | |  0.4

Action                   || total
-------------------------++-------
Melee: Short sword       ||    49
       Kick              ||    10
 Fire: Shortbow          ||    56
  Use: Potion            ||     5
       Scroll            ||     1
Armor: Ring mail         ||    27
Dodge: Dodged            ||    34

Table legend:
 A = Spawn XP
 B = Non-spawn XP
 C = Spawn XP percentage of total XP
 D = Spawn monster count
 E = Non-spawn monster count
 F = Spawn count percentage of total count
 G = Total turns spent on level
                    A         B        C        D         E        F      G
               +---------+---------+-------+---------+---------+-------+---------
         Total |       0 |      77 |   0.0 |       0 |      38 |   0.0 |  1130
               +---------+---------+-------+---------+---------+-------+---------
           D:1 |       0 |      59 |   0.0 |       0 |      35 |   0.0 |  1086
           D:2 |       0 |      18 |   0.0 |       0 |       3 |   0.0 |    44
               +---------+---------+-------+---------+---------+-------+---------
